Map: Purity and Industry LE

Players

antagomiR

  • Race: Protoss Protoss
  • League: Gold
  • Spawn Location: 3:00

Valjean - Winner!

  • Race: Terran Terran
  • League: Silver
  • Spawn Location: 12:00

VOD

Have the link to the VOD?

Description

Time

  • Played on: April 3, 2020, 2:13 a.m.
  • Length: 10:39
Show
View Real Time Build Order
Export as new Build Order

antagomiR Protoss 

Build Orders: Chargelot Immortal 

Get SALT Encoding   

  12  0:01  Probe  
  13  0:13  Probe  
  14  0:23  Pylon  
  14  0:29  Probe  
  15  0:41  Probe  
  16  0:49  Gateway  
  16  0:53  Probe  
  17  0:58  Assimilator  
  17  1:07  Probe  
  18  1:14  Pylon  
  18  1:16  Assimilator  
  18  1:19  Probe  
  19  1:32  Probe  
  20  1:39  Cybernetics Core  
  20  1:44  Probe  
  21  1:56  Probe  
  22  2:05  Zealot  
  22  2:08  Probe  
  25  2:16  Robotics Facility  
  25  2:18  Pylon  
  25  2:30  Probe  
  26  2:42  Probe  
  27  2:45  Stalker (Chrono Boost)  
  29  2:54  Probe  
  30  3:04  Nexus  
  30  3:10  Pylon  
  30  3:12  Sentry  
  32  3:19  Probe  
  33  3:22  Observer  
  34  3:31  Probe  
  34  3:33  Gateway x2  
  34  3:39  Sentry, Shield Battery  
  36  4:02  Probe  
  37  4:07  Forge  
  37  4:12  Immortal  
  37  4:14  Probe  
  42  4:17  Probe  
  43  4:26  Probe  
  43  4:29  Probe  
  45  4:40  Twilight Council  
  45  4:41  Probe  
  45  4:42  Probe  
  47  4:51  Immortal, Assimilator  
  51  4:53  Assimilator  
  51  5:06  Warp Gate (Chrono Boost)  
  51  5:16  Stalker  
  51  5:17  Stalker  
  51  5:19  Protoss Ground Weapons Level 1 (Chrono Boost)  
  55  5:24  Sentry  
  55  5:28  Probe x2  
  59  5:35  Gateway x2  
  59  5:40  Probe  
  60  5:43  Probe  
  61  5:52  Probe  
  62  6:13  Probe, Pylon  
  62  6:16  Pylon  
  62  6:31  Immortal, Sentry  
  68  6:33  Probe x2  
  70  6:43  Charge  
  70  6:45  Probe  
  70  6:46  Probe  
  72  6:50  Pylon  
  72  7:03  Dark Shrine  
  72  7:10  Observer  
  72  7:12  Protoss Ground Weapons Level 2 (Chrono Boost)  
  73  7:23  Zealot x3  
  73  7:24  Zealot x2  
  73  7:25  Pylon  
  73  7:29  Pylon  
  83  7:31  Warp Prism  
  85  7:39  Probe  
  85  7:43  Probe  
  87  7:48  Pylon  
  87  7:51  Probe, Pylon  
  88  7:53  Templar Archives  
  88  7:55  Probe, Pylon  
  85  8:07  Immortal  
  60  8:29  Zealot x3  
  60  8:30  Zealot  
  60  8:31  Zealot  
  43  8:50  Dark Templar x2  
  43  8:51  Dark Templar x3  
  34  9:28  High Templar x2  
  38  9:32  Zealot  
  38  9:33  Zealot  
  38  9:35  Archon  
  42  9:41  Photon Cannon  
  42  9:43  Photon Cannon  
  42  9:45  Photon Cannon  
  42  10:01  Pylon  
  42  10:02  Gateway  
  42  10:03  Gateway  
Show
View Real Time Build Order
Export as new Build Order

Valjean Terran - Winner!

Build Orders:  

Get SALT Encoding   

  12  0:02  SCV  
  13  0:14  SCV  
  14  0:22  Supply Depot  
  14  0:26  SCV  
  15  0:43  SCV  
  16  0:50  Barracks  
  16  0:54  Refinery  
  16  0:55  SCV  
  17  1:07  SCV  
  18  1:20  SCV  
  19  1:32  SCV  
  20  1:41  Marine  
  20  1:44  SCV  
  22  1:48  Barracks  
  22  2:02  Orbital Command  
  22  2:03  Supply Depot  
  22  2:09  Refinery  
  22  2:11  Barracks Tech Lab  
  22  2:25  Supply Depot  
  22  2:38  Marine  
  22  2:41  Barracks Reactor  
  23  2:45  Factory  
  23  2:51  SCV  
  24  3:01  Engineering Bay  
  24  3:03  SCV  
  24  3:05  Marine  
  26  3:16  Supply Depot  
  26  3:20  SCV  
  26  3:23  Marine  
  26  3:25  Marine x2  
  30  3:31  Factory Tech Lab  
  30  3:32  SCV  
  31  3:38  Starport  
  31  3:42  Marine  
  31  3:43  Marine  
  33  3:49  Missile Turret  
  33  3:54  Marine  
  34  4:00  Marine x2  
  36  4:03  Terran Infantry Weapons Level 1  
  36  4:07  Combat Shield  
  36  4:12  Marine  
  37  4:24  Medivac  
  39  4:33  Supply Depot  
  39  4:40  Marine x2  
  39  4:41  Marine  
  42  4:54  Medivac  
  42  4:58  Marine x2, Supply Depot  
  46  5:04  Marine  
  47  5:15  Marine  
  47  5:16  Marine  
  49  5:24  Medivac  
  49  5:26  Stimpack  
  51  5:35  Missile Turret  
  51  5:38  Marine x2  
  53  5:55  Missile Turret  
  53  6:06  Missile Turret  
  53  6:23  Marine x3  
  56  6:33  Missile Turret  
  56  6:39  Missile Turret  
  56  6:41  Medivac  
  56  6:44  Siege Tank  
  61  6:51  Missile Turret  
  61  6:58  Command Center  
  61  7:02  Marine  
  61  7:03  Marine  
  63  7:09  Supply Depot  
  63  7:30  Marine x3  
  66  7:40  Siege Tank  
  69  7:48  Marine x2  
  71  8:01  Refinery  
  71  8:09  Marine  
  52  9:17  Siege Tank  
  52  9:19  Marine x3  
  52  9:23  Orbital Command  
  58  9:37  Marine x2  
  60  9:49  Siege Tank  
  65  10:32  Missile Turret  
Tags
 
Add a new tag
Caveats
  • Supply blocks, unpowered buildings, or Contaminate may cause inaccurate times.
  • Supply counts are checked every 10 seconds.